 Dungeon Crawl Stone Soup version 0.17.0-24-gcfadda4 (webtiles) character file.

1979 Gravenous the Frost Mage (level 9, -1/51 HPs)
             Began as an Octopode Ice Elementalist on Nov 17, 2015.
             Killed from afar by an orc wizard (5 damage)
             ... with a magic dart
             ... on level 6 of the Dungeon.
             The game lasted 00:15:03 (7323 turns).

Gravenous the Frost Mage (OpIE)                     Turns: 7323, Time: 00:15:03

Health: -1/51      AC:  4    Str:  7    XL:     9   Next: 20%
Magic:  15/16      EV:  7    Int: 21    God:
Gold:   219        SH:  0    Dex: 12    Spells: 5 memorised, 4 levels left

rFire  . . .     SeeInvis .     d - +1 dagger
rCold  . . .     Clarity  .     (no shield)
rNeg   + . .     SustAt   .     (helmet restricted)
rPois  +         Gourm    .     (no amulet)
rElec  .         Spirit   .     n - ring of poison resistance
rCorr  .         Warding  .     p - +3 ring of protection
rMut   .         Stasis   .     y - ring of positive energy
MR     .....                    (no ring)
Stlth  +++++.....               (no ring)
                                (no ring)
                                (no ring)
                                (no ring)

@: not resistant to hostile enchantments, quite stealthy
A: almost no armour, amphibious, 8 rings, constrict 8, camouflage 1, gelatinous
body 1
a: no special abilities


You were on level 6 of the Dungeon.
You were not hungry.

You visited 2 branches of the dungeon, and saw 8 of its levels.

You collected 277 gold pieces.
You spent 58 gold pieces at shops.

Inventory:

Hand Weapons
 d - a +1 dagger (weapon)
Missiles
 F - 9 curare-tipped needles
Jewellery
 n - a ring of poison resistance (left tentacle)
 p - a +3 ring of protection (right tentacle)
 u - an uncursed ring of protection from magic {unknown}
 v - the ring of Opeerph {+/*Tele rPois}
   (You found it on level 7 of the Dungeon)

   [ring of teleportation]

   It may teleport you to nearby monsters, and can be evoked to randomly
   teleport.
   It protects you from poison.
 y - a ring of positive energy (on tentacle)
Wands
 B - a wand of slowing (48)
Scrolls
 e - a scroll of random uselessness
 h - a scroll of recharging
 j - 2 scrolls of enchant armour {unknown}
 l - a scroll of enchant weapon
 m - 2 scrolls of remove curse
 o - a scroll of immolation
 q - 2 scrolls of teleportation
 t - 2 scrolls of amnesia
Potions
 c - a potion of curing
 g - a potion of cancellation
 i - 3 potions of degeneration
 r - a potion of cure mutation
 s - a potion of ambrosia
 w - 2 potions of haste
 x - a potion of invisibility {unknown}
 z - a potion of brilliance
 A - a potion of might
Books
 a - a book of Frost

   Spells                             Type                      Level
   a - Freeze                         Ice                          1
   b - Throw Frost                    Conjuration/Ice              2
   c - Ozocubu's Armour               Charms/Ice                   3
   d - Throw Icicle                   Conjuration/Ice              4
   e - Summon Ice Beast               Ice/Summoning                4
   f - Condensation Shield            Ice                          4
 D - a book of Geomancy

   Spells                             Type                      Level
   a - Sandblast                      Earth                        1
   b - Stoneskin                      Transmutation/Earth          2
   c - Passwall                       Transmutation/Earth          3
   d - Stone Arrow                    Conjuration/Earth            3
   e - Petrify                        Transmutation/Earth          4
   f - Lee's Rapid Deconstruction     Earth                        5
Comestibles
 b - 5 bread rations
 f - 3 slices of pizza
 k - 4 meat rations
 C - a beef jerky


   Skills:
 * Level 2.2 Dodging
 - Level 6.6 Stealth
 - Level 5.2 Spellcasting
 - Level 1.0 Conjurations
 * Level 8.5 Ice Magic
 - Level 5.3 Evocations


You had 4 spell levels left.
You knew the following spells:

 Your Spells              Type           Power        Failure   Level  Hunger
a - Freeze                Ice            ####         1%          1    None
b - Ozocubu's Armour      Chrm/Ice       ###.....     6%          3    ##.....
c - Condensation Shield   Ice            #####.....   3%          4    ####...
d - Throw Frost           Conj/Ice       ####..       1%          2    None
e - Summon Ice Beast      Ice/Summ       ###.....     21%         4    ####...


Dungeon Overview and Level Annotations

Branches:
Dungeon (7/15)             Temple (1/1) D:6

Altars:
Fedhas
Gozag
Kikubaaqudgha
Makhleb
Nemelex Xobeh
Okawaru
Ru
Trog
Vehumet
Xom
Yredelemnul
Zin
The Shining One

Shops:
D:5 *

Annotations:
D:3 Blork the orc


Innate Abilities, Weirdness & Mutations

You cannot wear most types of armour.
You are amphibious.
You can wear up to eight rings at the same time.
You can use your tentacles to constrict eight enemies at once.
Your skin changes colour to match your surroundings (Stealth).
Your rubbery body absorbs attacks (AC +1).


Message History

Casting: Throw Frost
Confirm with . or Enter, or press ? or * to list all spells.
Aiming: Throw Frost
Press: ? - help, Shift-Dir - straight line, f/p - orc wizard
Aim: an orc wizard, wielding a dagger and wearing a robe (moderately wounded)
The puff of frost hits the orc wizard.
The orc wizard is heavily wounded.
The orc wizard casts a spell at you. The magic dart hits you!
The orc wizard casts a spell at you. The puff of frost hits you!
There is a stone staircase leading down, spattered with blood here.
The orc wizard casts a spell at you. The puff of flame hits you!
The orc priest calls down the wrath of Beogh upon you.
Something smites you!
* * * LOW HITPOINT WARNING * * *
The orc wizard points at you and mumbles some strange words.
The magic dart hits you!
You die...

.#.# ###........
.#.# #.#.#.###
.#.# #.#...##
.#'#######'#.o..##
..............o..#
.............#...#
.............#...#
................o#
#............##.@#
#............###.#
#............# ..#
#............#.###
#............#.
#............#
#............#
###+######'#.# #.#
#.#.#


You could see an orc priest and 2 orc wizards.

Vanquished Creatures
  The ghost of graki42 the Insei, a novice OpTm (D:4)
  Sigmund (D:4)
  The ghost of Sagrath01 the Conjurer, an amateur TeWz (D:5)
  Menkaure (D:5)
  3 water moccasins (D:5)
  A sky beast (D:5)
  An ogre (D:4)
  2 crimson imps
  A quasit (D:5)
  A jelly (D:7)
  4 hounds
  4 orc wizards
  Crazy Yiuf (D:3)
  2 iguanas
  Jessica (D:2)
  4 worker ants
  A hound skeleton (D:4)
  Robin (D:3)
  4 gnolls
  A shadow imp (D:5)
  3 adders
  An ooze (D:1)
  3 worms
  4 giant geckos
  7 orcs
  3 ball pythons
  8 bats
  6 giant cockroaches
  9 goblins
  10 hobgoblins
  10 jackals
  7 kobolds
  2 quokkas
  A giant gecko skeleton (D:5)
  6 giant newts
  3 rats
119 creatures vanquished.

Vanquished Creatures (collateral kills)
  A gnoll sergeant (D:5)
  An orc (D:6)
2 creatures vanquished.

Grand Total: 121 creatures vanquished

Notes
Turn   | Place    | Note
--------------------------------------------------------------
     0 | D:1      | Gravenous the Octopode Ice Elementalist began the quest for the Orb.
     0 | D:1      | Reached XP level 1. HP: 11/11 MP: 3/3
   350 | D:1      | Reached XP level 2. HP: 12/17 MP: 0/5
  1102 | D:2      | Reached XP level 3. HP: 21/21 MP: 6/6
  1107 | D:2      | Learned a level 3 spell: Ozocubu's Armour
  1413 | D:2      | Found a radiant altar of Vehumet.
  1512 | D:2      | Noticed Jessica
  1520 | D:2      | Killed Jessica
  1520 | D:2      | Reached skill level 4 in Stealth
  1520 | D:2      | Reached XP level 4. HP: 25/27 MP: 5/8
  1700 | D:2      | Found a burning altar of Makhleb.
  1706 | D:2      | Reached XP level 5. HP: 28/31 MP: 5/9
  1970 | D:3      | Noticed Blork the orc
  2031 | D:3      | Noticed Robin
  2093 | D:3      | Killed Robin
  2431 | D:3      | Noticed Crazy Yiuf
  2441 | D:3      | Killed Crazy Yiuf
  3030 | D:4      | Found a glowing silver altar of Zin.
  3127 | D:4      | Noticed Sigmund
  3155 | D:4      | Killed Sigmund
  3155 | D:4      | Reached skill level 5 in Stealth
  3155 | D:4      | Reached skill level 5 in Ice Magic
  3155 | D:4      | Reached XP level 6. HP: 29/36 MP: 2/11
  3187 | D:4      | Noticed a phantom
  3289 | D:4      | Noticed graki42's ghost (novice OpTm)
  3336 | D:4      | Killed graki42's ghost
  3336 | D:4      | Reached skill level 6 in Stealth
  3336 | D:4      | Reached XP level 7. HP: 27/41 MP: 6/13
  3444 | D:4      | Learned a level 4 spell: Condensation Shield
  3447 | D:4      | Learned a level 2 spell: Throw Frost
  3452 | D:4      | Learned a level 4 spell: Summon Ice Beast
  4039 | D:5      | Entered Level 5 of the Dungeon
  4053 | D:5      | You fall through a shaft for 2 floors!
  4142 | D:7      | Got a crude jade ring
  4196 | D:7      | Identified the ring of Opeerph {+/*Tele rPois} (You found it on level 7 of the Dungeon)
  4211 | D:6      | Found a staircase to the Ecumenical Temple.
  4257 | Temple   | Entered the Ecumenical Temple
  4509 | D:7      | Noticed a hippogriff
  4524 | D:7      | Reached skill level 1 in Evocations
  4607 | D:7      | Reached XP level 8. HP: 46/46 MP: 10/14
  4922 | D:5      | Noticed Sagrath01's ghost (amateur TeWz)
  4941 | D:5      | Killed Sagrath01's ghost
  4941 | D:5      | Reached skill level 7 in Ice Magic
  5321 | D:5      | Found a sparkling altar of Nemelex Xobeh.
  5396 | D:5      | Noticed Menkaure
  5437 | D:5      | Killed Menkaure
  5818 | D:5      | Found an ancient bone altar of Kikubaaqudgha.
  5818 | D:5      | Found an opulent altar of Gozag.
  5883 | D:5      | Found Aloemoy's Serpentskin Sales.
  5897 | D:5      | Reached skill level 5 in Spellcasting
  5902 | D:5      | Reached skill level 8 in Ice Magic
  5902 | D:5      | Reached skill level 5 in Evocations
  5902 | D:5      | Reached XP level 9. HP: 34/51 MP: 1/16
  6031 | D:5      | Bought 3 curare-tipped needles for 19 gold pieces
  6031 | D:5      | Bought 6 curare-tipped needles for 39 gold pieces
  6783 | D:6      | HP: 2/51 [orc priest/divine providence (11)]
  7323 | D:6      | Killed from afar by an orc wizard

Action                   |  1- 3 |  4- 6 |  7- 9 || total
-------------------------+-------+-------+-------++-------
Melee: Dagger            |    37 |    89 |    72 ||   198
 Cast: Freeze            |    20 |    36 |   103 ||   159
       Ozocubu's Armour  |       |     8 |     6 ||    14
       Throw Frost       |       |       |    10 ||    10
       Condensation Shie |       |       |     3 ||     3
       Summon Ice Beast  |       |       |     5 ||     5
  Use: Potion            |       |     3 |     3 ||     6
       Scroll            |       |       |    18 ||    18
 Stab: Sleeping          |     6 |     3 |     7 ||    16
  Eat: Chunk             |     2 |     5 |     3 ||    10
       Bread ration      |       |       |     3 ||     3
